 Dungeon Crawl Stone Soup version 0.30-a0-1075-gcd70e7a56d (webtiles) character file.

Game seed: 14600336698650832134

6 BlasphemerAmon the Cutter (level 1, 0/12 HPs)
             Began as a Vampire Reaver on Apr 14, 2023.
             Constricted to death by a ball python (1 damage)
             ... on level 1 of the Dungeon.
             The game lasted 00:02:05 (296 turns).

BlasphemerAmon the Cutter (Vampire Reaver)           Turns: 296, Time: 00:02:05

Health: 0/12       AC:  3    Str: 11    XL:     1   Next: 75%
Magic:  3/3        EV:  9    Int: 15    God:
Gold:   23         SH:  0    Dex: 12    Spells: 3/4 levels left

rFire   . . .      SeeInvis +    a - +0 short sword
rCold   + + .      Faith    .    (no shield)
rNeg    + + +      Spirit   .    b - +0 leather armour
rPois   ∞          Reflect  .    (no helmet)
rElec   .          Rampage  .    (no cloak)
rCorr   .                        (no gloves)
Will    .....                    (no boots)
Stlth   +++                      (no amulet)
HPRegen 0.00/turn                (no ring)
MPRegen 0.08/turn                (no ring)

@: bloodless, inhibited regen, constricted
A: bloodless, fangs 3, see invisible, vampiric 1
a: Revivify


You were on level 1 of the Dungeon.
You visited 1 branch of the dungeon, and saw 1 of its levels.

You collected 23 gold pieces.

Inventory:

Hand Weapons
 a - a +0 short sword (weapon)
Armour
 b - a +0 leather armour (worn)
 c - a +0 chain mail


   Skills:
 - Level 1.7 Fighting
 - Level 3.2 Short Blades
 * Level 2.5 Dodging
 * Level 1.5 Stealth
 - Level 2.0 Spellcasting
 - Level 2.1 Conjurations


You had 3 spell levels left.
You knew the following spells:

 Your Spells              Type           Power      Damage    Failure   Level
a - Kiss of Death         Conj/Necr      16%        2d6       19%         1

Your spell library contained the following spells:

 Spells                   Type           Power      Damage    Failure   Level
 Momentum Strike          Conj/Tloc      8%         3d8       28%         2
 Hailstorm                Conj/Ice       4%         3d4       50%         3


Dungeon Overview and Level Annotations

Branches:
Dungeon (1/15)

Altars:


Innate Abilities, Weirdness & Mutations

You do not regenerate when monsters are visible.
You are frail without blood (-20% HP).
You can heal yourself when you bite living creatures.
You are immune to poison.
You have razor-sharp teeth.
You have supernaturally acute eyesight. (SInv)
You are afflicted with vampirism.


Message History

You see here a +0 trident.
You open the door.
A hobgoblin comes into view.
There is an open door here.
The hobgoblin shouts!
The hobgoblin misses you.
You closely miss the hobgoblin. Your bite misses the hobgoblin.
The hobgoblin hits you.
You hit the hobgoblin.
The hobgoblin is severely wounded.
The hobgoblin hits you but does no damage.
You hit the hobgoblin.
You kill the hobgoblin!
A dart slug comes into view.
Found a stone staircase leading down.
A ball python comes into view.
Found a club.
The dart slug launches a dart at you. The slug dart hits you.
The ball python hisses angrily.
You hit the dart slug.
The dart slug is lightly wounded.
The ball python bites you. The ball python grabs you.
The ball python constricts you.
You hit the dart slug.
The dart slug is lightly wounded.
The ball python bites you but does no damage.
The ball python constricts you.
The dart slug bites you but does no damage.
You completely miss the dart slug.
The dart slug is lightly wounded.
The ball python bites you.
* * * LOW HITPOINT WARNING * * *
The ball python constricts you.
* * * LOW HITPOINT WARNING * * *
The ball python closely misses you. The ball python constricts you.
Continue your ritual? [Y]es or [N]o only, please.
Continue your ritual?
You die...

.# #.# ###########.#
#...........#.
####.#...........
..#.#.......#.# #
###.#.#.......#.#
#.#...#.#.......#.##
#..@............'...
#...>Sw....#.......#.##
#.##.#...#.#.......#.#
.......#.#.......#.#
..)..^...#.######....##
#.##.#...#.. .......
............. ##......
## #.#.#...... .......
.##


You could see a dart slug and a ball python.

Vanquished Creatures
  2 endoplasms (D:1)
  2 hobgoblins (D:1)
  A ball python (D:1)
5 creatures vanquished.

Notes
Turn   | Place    | Note
-------+----------+-------------------------------------------
     0 | D:1      | BlasphemerAmon the Vampire Reaver began the quest for the
                  | Orb.
     0 | D:1      | Reached XP level 1. HP: 16/16 MP: 3/3
   185 | D:1      | Found a faded altar of an unknown god.
   193 | D:1      | Reached skill level 1 in Stealth
   296 | D:1      | Constricted to death by a ball python

Illustrated notes

Levels and vault maps discovered:
D:1:      elethiomel_arrival_maze, layout_basic,
          hellmonk_ecumenical_altar_slurped_away

Skill      XL: |  1 |
---------------+----+-----
Stealth        | 1 |  1.5
Fighting       | |  1.7
Short Blades   | |  3.2
Dodging        | |  2.5
Spellcasting   | |  2.0
Conjurations   | |  2.1

Action                     || total
---------------------------++-------
  Melee: Short sword       ||    15
         Bite              ||     1
Ability: Exsanguinate      ||     1
         Revivify          ||     1
   Stab: Sleeping          ||     1
 Armour: Leather armour    ||     6
  Dodge: Dodged            ||     2

Table legend: (Time is in decaauts)
 A = Elapsed time spent in this place.
 B = Non-inter-level travel time spent in this place.
 C = Inter-level travel time spent in this place.
 D = Time resting spent in this place.
 E = Time spent auto-exploring this place.
 F = Levels seen in this place.
 G = Mean time per level.
                   A        B        C        D        E       F      G
               +--------+--------+--------+--------+--------+-----+--------+
         Total |    293 |    293 |      0 |      0 |      0 |   1 |  293.0 |
       Dungeon |    293 |    293 |      0 |      0 |      0 |   1 |  293.0 |
               +--------+--------+--------+--------+--------+-----+--------+

Top non-repeatable levels by time:
     D:1: 293 daAuts
